PUB
LOUISVILLE REDBIRDS @ HONOLULU RAYS
07/10/1972
 
TOP OF THE 1ST
Louisville Redbirds batting - Pitching for Honolulu Rays : RHP Reginald Burns
Pitching: RHP Reginald Burns
Batting: LHB Lou Jensen 0-0: Called Strike
0-1: Ball
1-1: Ball
2-1: DOUBLE (Flyball, 78D, EV 100.0 MPH)
Batting: LHB Cesar Geronimo 0-0: Ball
1-0: SINGLE (Groundball, 34D, EV 98.1 MPH)
Lou Jensen to third
Batting: RHB Richard Fields 0-0: Swinging Strike
0-1: Foul Ball, location: 9LSFF
0-2: Strikes out swinging
Batting: LHB Reggie Jackson 0-0: Ball
1-0: Foul Ball, location: 7LMF
1-1: Called Strike
1-2: Foul Ball, location: 2F
1-2: Strikes out swinging
Batting: RHB Alan Sims 0-0: Called Strike
0-1: Ball
1-1: Swinging Strike
1-2: Ball
2-2: Ball
3-2: Strikes out swinging
Top of the 1st over - 0 runs, 2 hits, 0 errors, 2 left on base; Louisville 0 - Honolulu 0
BOTTOM OF THE 1ST
Honolulu Rays batting - Pitching for Louisville Redbirds : RHP Bert Blyleven
Pitching: RHP Bert Blyleven
Batting: LHB Kuan Zhang 0-0: Ball
1-0: Ball
2-0: Foul Ball, location: 5DF
2-1: Foul Ball, location: 2F
2-2: Ball
3-2: SINGLE (Groundball, 34D, EV 95.6 MPH)
Batting: LHB Jay Johnstone 0-0: Ball
1-0: Swinging Strike
1-1: Ball
2-1: Fly out, F7 (Line Drive, 7S, EV 87.5 MPH)
Batting: LHB Tin Truong 0-0: Grounds into double play, 4-6-3 (Groundball, 4, EV 105.0 MPH)
Bottom of the 1st over - 0 runs, 1 hit, 0 errors, 0 left on base; Louisville 0 - Honolulu 0
TOP OF THE 2ND
Louisville Redbirds batting - Pitching for Honolulu Rays : RHP Reginald Burns
Batting: LHB Richie Hebner 0-0: Called Strike
0-1: Ball
1-1: Ground out 6-3 (Groundball, 6, EV 81.9 MPH)
Batting: RHB Neal Booth 0-0: Ball
1-0: Foul Ball, location: 2F
1-1: Ball
2-1: Called Strike
2-2: Fly out, F9 (Line Drive, 89M, EV 101.3 MPH)
Batting: RHB Carlton Fisk 0-0: Called Strike
0-1: Ball
1-1: Ground out 6-3 (Groundball, 6MS, EV 70.6 MPH)
Top of the 2nd over - 0 runs, 0 hits, 0 errors, 0 left on base; Louisville 0 - Honolulu 0
BOTTOM OF THE 2ND
Honolulu Rays batting - Pitching for Louisville Redbirds : RHP Bert Blyleven
Batting: LHB Otto Eldridge 0-0: Called Strike
0-1: SINGLE (Groundball, 3D, EV 102.5 MPH)
Batting: SHB Mark Berry 0-0: Ball
1-0: Fielders Choice at 2nd, 3-6 (Groundball, 3, EV 80.0 MPH)
Batting: RHB Ted Sizemore 0-0: Ball
1-0: Called Strike
Mark Berry steals 2nd base
1-1: Called Strike
Mark Berry steals 3rd base
1-2: Ball
2-2: Ground out 4-3 (Groundball, 34D, EV 96.9 MPH)
Mark Berry scores
Batting: LHB Del Unser 0-0: Called Strike
0-1: Ball
1-1: Ball
2-1: Foul Ball, location: 7LMF
2-2: Foul Ball, location: 5F
2-2: Strikes out swinging
Bottom of the 2nd over - 1 run, 1 hit, 0 errors, 0 left on base; Louisville 0 - Honolulu 1
TOP OF THE 3RD
Louisville Redbirds batting - Pitching for Honolulu Rays : RHP Reginald Burns
Batting: RHB Bert Blyleven 0-0: Ground out 6-3 (Groundball, 6, EV 79.4 MPH)
Batting: LHB Lou Jensen 0-0: Foul Ball, location: 7LMF
0-1: Ball
1-1: Foul Ball, location: 2F
1-2: Ball
2-2: Strikes out swinging
Batting: LHB Cesar Geronimo 0-0: Called Strike
0-1: Ball
1-1: Ball
2-1: Swinging Strike
2-2: Fly out, F7 (Line Drive, 7, EV 90.6 MPH)
Top of the 3rd over - 0 runs, 0 hits, 0 errors, 0 left on base; Louisville 0 - Honolulu 1
BOTTOM OF THE 3RD
Honolulu Rays batting - Pitching for Louisville Redbirds : RHP Bert Blyleven
Batting: SHB Buck Rodgers 0-0: Ball
1-0: DOUBLE (Groundball, 3L, EV 101.9 MPH)
Batting: RHB Reginald Burns 0-0: Bunt missed!
0-1: Sac Bunt to 5S - play at first, batter OUT! 5-4
Buck Rodgers to third
Batting: LHB Kuan Zhang 0-0: Ball
1-0: Ball
2-0: Foul Ball, location: 7LSF
2-1: Fly out, F8 (Flyball, 8RM, EV 85.0 MPH)
Batting: LHB Jay Johnstone 0-0: Called Strike
0-1: Ball
1-1: Foul Ball, location: 2F
1-2: Strikes out swinging
Bottom of the 3rd over - 0 runs, 1 hit, 0 errors, 1 left on base; Louisville 0 - Honolulu 1
TOP OF THE 4TH
Louisville Redbirds batting - Pitching for Honolulu Rays : RHP Reginald Burns
Batting: RHB Richard Fields 0-0: Called Strike
0-1: Foul Ball, location: 9LMF
0-2: Ball
1-2: Foul Ball, location: 25FF
1-2: Ground out 4-3 (Groundball, 4, EV 95.0 MPH)
Batting: LHB Reggie Jackson 0-0: Foul Ball, location: 2F
0-1: Swinging Strike
0-2: Ground out 4-3 (Groundball, 4D, EV 83.8 MPH)
Batting: RHB Alan Sims 0-0: Fly out, F3 (Popup, 3L, EV 73.1 MPH)
Top of the 4th over - 0 runs, 0 hits, 0 errors, 0 left on base; Louisville 0 - Honolulu 1
BOTTOM OF THE 4TH
Honolulu Rays batting - Pitching for Louisville Redbirds : RHP Bert Blyleven
Batting: LHB Tin Truong 0-0: Ball
1-0: SINGLE (Groundball, 4MD, EV 104.4 MPH)
Batting: LHB Otto Eldridge 0-0: Ball
1-0: Ball
2-0: DOUBLE (Flyball, 78XD, EV 103.8 MPH)
Tin Truong to third
Batting: SHB Mark Berry 0-0: Called Strike
0-1: Ball
1-1: Foul Ball, location: 23F
1-2: Ball
2-2: Ground out 4-3 (Groundball, 4, EV 96.9 MPH)
Tin Truong scores
Otto Eldridge to third
Batting: RHB Ted Sizemore 0-0: Ball
1-0: Swinging Strike
1-1: Ball
2-1: SINGLE (Groundball, 56S, EV 61.9 MPH) (infield hit)
Otto Eldridge scores
Batting: LHB Del Unser 0-0: Ball
1-0: SINGLE (Groundball, 23, EV 82.5 MPH) (infield hit)
Ted Sizemore to second
Batting: SHB Buck Rodgers 0-0: Called Strike
0-1: Called Strike
0-2: Ball
1-2: Ball
2-2: Fly out, F9 (Flyball, 9LS, EV 86.3 MPH)
Batting: RHB Reginald Burns 0-0: Called Strike
0-1: Foul Ball, location: 2F
0-2: Strikes out swinging
Bottom of the 4th over - 2 runs, 4 hits, 0 errors, 2 left on base; Louisville 0 - Honolulu 3
TOP OF THE 5TH
Louisville Redbirds batting - Pitching for Honolulu Rays : RHP Reginald Burns
Batting: LHB Richie Hebner 0-0: Fly out, F7 (Flyball, 78S, EV 73.1 MPH)
Batting: RHB Neal Booth 0-0: Ball
1-0: Ball
2-0: Ball
3-0: Called Strike
3-1: Fly out, F9 (Flyball, 9, EV 86.9 MPH)
Batting: RHB Carlton Fisk 0-0: Fly out, F8 (Flyball, 78S, EV 75.6 MPH)
Top of the 5th over - 0 runs, 0 hits, 0 errors, 0 left on base; Louisville 0 - Honolulu 3
BOTTOM OF THE 5TH
Honolulu Rays batting - Pitching for Louisville Redbirds : RHP Bert Blyleven
Batting: LHB Kuan Zhang 0-0: Ground out 4-3 (Groundball, 4S, EV 72.5 MPH)
Batting: LHB Jay Johnstone 0-0: Foul Ball, location: 2F
0-1: Ball
1-1: Ball
2-1: Called Strike
2-2: Ground out 4-3 (Groundball, 4S, EV 66.3 MPH)
Batting: LHB Tin Truong 0-0: Called Strike
0-1: Ball
1-1: Ball
2-1: Ball
3-1: Base on Balls
Batting: LHB Otto Eldridge 0-0: Ball
1-0: Called Strike
1-1: Swinging Strike
1-2: Ball
2-2: Ball
3-2: Strikes out swinging
Bottom of the 5th over - 0 runs, 0 hits, 0 errors, 1 left on base; Louisville 0 - Honolulu 3
TOP OF THE 6TH
Louisville Redbirds batting - Pitching for Honolulu Rays : RHP Reginald Burns
Batting: RHB Bert Blyleven 0-0: Called Strike
0-1: Foul Ball, location: 9LMF
0-2: Strikes out swinging
Batting: LHB Lou Jensen 0-0: Foul Ball, location: 7LDF
0-1: Ball
1-1: Called Strike
1-2: Strikes out looking
Batting: LHB Cesar Geronimo 0-0: Ball
1-0: Foul Ball, location: 7LDF
1-1: Ball
2-1: SINGLE (Groundball, 4MD, EV 100.6 MPH)
Batting: RHB Richard Fields 0-0: Called Strike
0-1: Swinging Strike
0-2: Ball
1-2: Strikes out swinging
Top of the 6th over - 0 runs, 1 hit, 0 errors, 1 left on base; Louisville 0 - Honolulu 3
BOTTOM OF THE 6TH
Honolulu Rays batting - Pitching for Louisville Redbirds : RHP Bert Blyleven
Batting: SHB Mark Berry 0-0: Ball
1-0: Called Strike
1-1: Swinging Strike
1-2: Foul Ball, location: 3F
1-2: Ball
2-2: Ball
3-2: SINGLE (Line Drive, 34, EV 98.1 MPH)
Batting: RHB Ted Sizemore 0-0: SINGLE (Line Drive, 9S, EV 103.8 MPH)
Mark Berry to second
Batting: LHB Del Unser 0-0: Foul Ball, location: 2F
0-1: Sac Bunt to 15 - play at first, batter OUT! 1-3
Mark Berry to third
Ted Sizemore to second
Batting: SHB Buck Rodgers 0-0: Intentional Walk
Batting: RHB Reginald Burns 0-0: Grounds into double play, 4-2-3 (Groundball, 4, EV 80.6 MPH)
Bottom of the 6th over - 0 runs, 2 hits, 0 errors, 2 left on base; Louisville 0 - Honolulu 3
TOP OF THE 7TH
Louisville Redbirds batting - Pitching for Honolulu Rays : RHP Reginald Burns
Batting: LHB Reggie Jackson 0-0: Called Strike
0-1: Ground out 5-3 (Groundball, 56, EV 85.6 MPH)
Batting: RHB Alan Sims 0-0: SINGLE (Line Drive, 9S, EV 89.4 MPH)
Batting: LHB Richie Hebner 0-0: Called Strike
0-1: Foul Ball, location: 5SF
0-2: Foul Ball, location: 7LMF
0-2: Ball
1-2: Fly out, F9 (Flyball, 9, EV 81.3 MPH)
Batting: RHB Neal Booth 0-0: Called Strike
0-1: Swinging Strike
0-2: Foul Ball, location: 2F
0-2: Ball
1-2: Ball
2-2: Ground out U3 (Groundball, 3S, EV 70.0 MPH)
Top of the 7th over - 0 runs, 1 hit, 0 errors, 1 left on base; Louisville 0 - Honolulu 3
BOTTOM OF THE 7TH
Honolulu Rays batting - Pitching for Louisville Redbirds : RHP Bert Blyleven
Batting: LHB Kuan Zhang 0-0: Foul Ball, location: 5FF
0-1: DOUBLE (Line Drive, 9LS, EV 105.0 MPH)
Batting: LHB Jay Johnstone 0-0: Foul Ball, location: 7LSF
0-1: Fly out, F9 (Line Drive, 89S, EV 84.4 MPH)
Batting: LHB Tin Truong 0-0: Intentional Walk
Batting: LHB Otto Eldridge 0-0: Fielders Choice at 2nd, 5-4 (Groundball, 5, EV 78.8 MPH)
Kuan Zhang to third
Batting: SHB Mark Berry 0-0: Swinging Strike
0-1: Foul Ball, location: 7LMF
0-2: Strikes out swinging
Bottom of the 7th over - 0 runs, 1 hit, 0 errors, 2 left on base; Louisville 0 - Honolulu 3
TOP OF THE 8TH
Louisville Redbirds batting - Pitching for Honolulu Rays : RHP Reginald Burns
Batting: RHB Carlton Fisk 0-0: Called Strike
0-1: Called Strike
0-2: Foul Ball, location: 9LDF
0-2: Ball
1-2: Ball
2-2: Foul Ball, location: 23F
2-2: Strikes out swinging, 2-3 out at first.
Pinch Hitting: RHB Martin Horn 0-0: Called Strike
0-1: Swinging Strike
0-2: Strikes out looking
Batting: LHB Lou Jensen 0-0: Ball
1-0: Foul Ball, location: 2F
1-1: Ball
2-1: Foul Ball, location: 2F
2-2: Ball
3-2: Base on Balls
Batting: LHB Cesar Geronimo 0-0: Ball
1-0: Fly out, F9 (Flyball, 9LM, EV 92.5 MPH)
Top of the 8th over - 0 runs, 0 hits, 0 errors, 1 left on base; Louisville 0 - Honolulu 3
BOTTOM OF THE 8TH
Honolulu Rays batting - Pitching for Louisville Redbirds : RHP Bert Blyleven
Pitching: RHP Ken Tatum
Batting: RHB Ted Sizemore 0-0: Ball
1-0: Swinging Strike
1-1: Ball
2-1: Swinging Strike
2-2: Ball
3-2: Ground out 4-3 (Groundball, 4S, EV 71.9 MPH)
Batting: LHB Del Unser 0-0: Foul Ball, location: 23F
0-1: Ball
1-1: Foul Ball, location: 2F
1-2: Ball
2-2: Foul Ball, location: 2RF
2-2: Strikes out swinging, 2-3 out at first.
Batting: SHB Buck Rodgers 0-0: Called Strike
0-1: Ball
1-1: Swinging Strike
1-2: Foul Ball, location: 2F
1-2: Foul Ball, location: 2F
1-2: Foul Ball, location: 2LF
1-2: Strikes out swinging
Bottom of the 8th over - 0 runs, 0 hits, 0 errors, 0 left on base; Louisville 0 - Honolulu 3
TOP OF THE 9TH
Louisville Redbirds batting - Pitching for Honolulu Rays : RHP Reginald Burns
Batting: RHB Richard Fields 0-0: Ball
1-0: Ball
2-0: Ground out 4-3 (Groundball, 4, EV 78.8 MPH)
Batting: LHB Reggie Jackson 0-0: Ball
1-0: DOUBLE (Flyball, 78D, EV 97.5 MPH)
Batting: RHB Alan Sims 0-0: Foul Ball, location: 2F
0-1: SINGLE (Line Drive, 89M, EV 92.5 MPH)
Reggie Jackson to third
Batting: LHB Richie Hebner 0-0: Ball
1-0: Foul Ball, location: 25F
1-1: Fielders Choice at 2nd, 2-4 (Groundball, 2L, EV 72.5 MPH)
Pinch Hitting: LHB José Zavala 0-0: Fly out, F8 (Flyball, 8LD, EV 108.1 MPH)
Top of the 9th over - 0 runs, 2 hits, 0 errors, 2 left on base; Louisville 0 - Honolulu 3
Monday, April 8th , 2024 - OOTP Baseball 24.8 Build 75